Map: Old Estate

Players

DRSUESS

  • Race: Zerg Zerg
  • Spawn Location: 7:00

RuffSecs

  • Race: Terran Terran
  • Spawn Location: 9:00

JaySlays

  • Race: Protoss Protoss
  • Spawn Location: 7:00

Wolf

  • Race: Terran Terran
  • League: Diamond
  • Spawn Location: 7:00

stRaE

  • Race: Zerg Zerg
  • Spawn Location: 1:00

MarioalMX

  • Race: Protoss Protoss
  • Spawn Location: 3:00

sacklord

  • Race: Terran Terran
  • Spawn Location: 3:00

Buzzkill

  • Race: Protoss Protoss
  • League: Platinum
  • Spawn Location: 1:00

VOD

Have the link to the VOD?

Description

Time

  • Played on: April 16, 2018, 11:18 p.m.
  • Length: 5:53
Show
View Real Time Build Order
Export as new Build Order

DRSUESS Zerg 

Build Orders: Hatch First 

Get SALT Encoding   

  12  0:06  Drone  
  13  0:10  Drone  
  14  0:42  Hatchery  
  13  0:43  Overlord  
  13  0:59  Drone  
  14  1:06  Spawning Pool  
  14  1:08  Drone  
  14  1:16  Drone  
  15  1:23  Drone x2  
  17  1:28  Extractor  
  17  1:32  Drone  
  17  1:43  Drone  
  18  1:50  Extractor  
  17  1:55  Drone  
  18  2:02  Drone  
  18  2:06  Queen  
  18  2:08  Queen  
  23  2:11  Drone  
  24  2:18  Drone  
  25  3:01  Drone x3  
  27  3:21  Roach Warren  
  26  3:28  Drone x2  
  26  3:29  Overlord  
  28  3:35  Lair  
  28  3:39  Overlord  
  28  4:01  Overlord  
  28  4:02  Drone x2  
  30  4:03  Drone  
  30  4:06  Roach x6  
  43  4:13  Overlord  
  43  4:25  Roach x3  
  43  4:27  Drone x2  
  49  4:54  Roach x4  
  41  5:16  Roach x7  
  55  5:21  Roach  
  55  5:22  Roach  
  55  5:24  Overlord  
  55  5:25  Overlord  
Show
View Real Time Build Order
Export as new Build Order

RuffSecs Terran 

Build Orders:  

Get SALT Encoding   

  12  0:04  SCV  
  13  0:19  Supply Depot  
  13  0:28  SCV  
  14  0:40  SCV  
  15  0:44  Barracks  
  15  0:57  SCV  
  16  1:17  Command Center  
  16  1:19  SCV  
  17  1:31  SCV  
  18  1:33  Marine  
  18  1:38  Supply Depot  
  19  1:43  SCV  
  20  2:21  Marine, Refinery  
  21  2:24  Barracks  
  21  2:30  SCV  
  21  2:33  SCV  
  23  2:39  Marine  
  23  2:42  SCV  
  25  2:56  Marine, SCV  
  27  3:01  SCV  
  28  3:08  SCV  
  29  3:14  Marine  
  29  3:18  Barracks Reactor  
  30  3:21  SCV  
  31  3:27  SCV  
  31  3:29  Refinery  
  31  3:32  Marine  
  33  3:39  SCV  
  34  3:50  Marine  
  34  3:53  Barracks  
  34  3:54  SCV, Engineering Bay  
  34  4:05  Marine  
  34  4:06  Marine  
  34  4:07  SCV  
  34  4:08  Marine  
  37  4:13  SCV  
  38  4:17  Supply Depot  
  38  4:19  SCV  
  38  4:23  Marine  
  40  4:28  Marine x2  
  40  4:31  SCV  
  37  4:41  Marine x2  
  37  4:43  SCV  
  38  4:46  Marine x2  
  38  4:47  Factory, SCV  
  41  4:55  SCV  
  41  4:59  Marine x2, SCV  
  45  5:04  Marine x2  
  44  5:07  SCV  
  44  5:11  SCV  
  42  5:17  Marine  
  42  5:18  Marine  
  42  5:19  SCV  
  44  5:23  SCV  
  44  5:25  Command Center  
  42  5:31  SCV  
  42  5:35  SCV  
Show
View Real Time Build Order
Export as new Build Order

JaySlays Protoss 

Build Orders: 1 Gate Expand 

Get SALT Encoding   

  12  0:01  Probe  
  13  0:13  Probe  
  14  0:20  Pylon  
  14  0:25  Probe  
  15  0:38  Probe (Chrono Boost)  
  15  0:41  Gateway  
  16  0:50  Probe (Chrono Boost)  
  16  0:53  Assimilator  
  17  0:59  Probe (Chrono Boost)  
  18  1:04  Probe  
  19  1:16  Probe  
  20  1:28  Nexus  
  20  1:32  Probe  
  21  1:43  Cybernetics Core  
  21  1:50  Probe  
  21  1:52  Assimilator  
  22  1:59  Pylon  
  22  2:02  Probe  
  23  2:17  Warp Gate (Chrono Boost)  
  23  2:25  Gateway  
  23  2:30  Twilight Council  
  23  2:33  Probe (Chrono Boost)  
  24  2:40  Adept (Chrono Boost)  
  27  2:44  Probe (Chrono Boost)  
  27  2:59  Adept  
  29  3:07  Resonating Glaives (Chrono Boost)  
  29  3:09  Probe x2  
  31  3:14  Pylon  
  31  3:19  Adept  
  33  3:21  Probe x2  
  35  3:33  Probe  
  36  3:44  Adept (Chrono Boost)  
  36  3:48  Adept (Chrono Boost)  
  36  3:52  Gateway  
  36  3:55  Gateway  
  38  3:57  Probe x2  
  38  3:59  Shield Battery  
  40  4:31  Adept x2  
  40  4:32  Probe x2  
  46  4:41  Pylon  
  46  4:43  Pylon  
  46  4:44  Probe  
  46  4:45  Probe  
  46  4:57  Pylon  
  44  5:03  Adept  
  44  5:04  Adept  
  48  5:18  Shield Battery  
Show
View Real Time Build Order
Export as new Build Order

Wolf Terran 

Build Orders:  

Get SALT Encoding   

  12  0:01  SCV  
  13  0:13  SCV  
  14  0:19  Supply Depot  
  14  0:25  SCV  
  15  0:40  SCV  
  15  0:42  Barracks  
  16  0:51  Refinery  
  16  0:52  SCV  
  17  1:04  SCV  
  18  1:16  SCV  
  19  1:29  Orbital Command  
  19  1:43  Command Center  
  20  1:57  Factory  
  19  2:05  SCV  
  20  2:11  Refinery  
  20  2:14  Barracks Reactor  
  20  2:17  SCV  
  20  2:20  Supply Depot  
  21  2:29  SCV  
  22  2:42  SCV  
  23  2:45  Factory  
  23  2:54  SCV  
  24  3:02  Marine  
  29  3:06  Cyclone  
  29  3:09  Hellion  
  30  3:17  Bunker  
  29  3:31  Marine  
  29  3:37  Hellion  
  31  3:45  Hellion  
  33  3:48  Marine  
  30  4:00  Hellion  
  26  4:06  Marine  
  19  4:50  Marine  
  18  5:23  Supply Depot  
Show
View Real Time Build Order
Export as new Build Order

stRaE Zerg 

Build Orders: Pool First 

Get SALT Encoding   

  12  0:02  Drone  
  13  0:14  Drone  
  14  0:23  Overlord  
  14  0:37  Spawning Pool  
  14  0:39  Drone  
  14  0:45  Extractor  
  13  0:55  Drone x3  
  16  1:14  Drone  
  17  1:21  Overlord  
  17  1:24  Queen  
  19  1:32  Drone  
  20  1:49  Metabolic Boost  
  20  2:03  Hatchery  
  20  2:06  Drone x2  
  21  2:13  Extractor  
  20  2:21  Zergling x4  
  22  2:32  Zergling x2, Roach Warren  
  22  2:35  Zergling x2  
  23  2:38  Drone  
  24  2:47  Zergling x4  
  26  2:56  Zergling x2  
  27  3:07  Drone  
  27  3:08  Drone x2  
  24  3:45  Roach  
  24  3:46  Roach x5  
  36  3:52  Drone  
  36  3:53  Overlord  
  36  4:00  Overlord  
  36  4:11  Queen  
  36  4:14  Drone  
  39  4:23  Zergling x2  
  41  4:24  Zergling x4  
  42  4:48  Lair  
  42  4:53  Drone x3  
  45  5:26  Zergling x10  
  45  5:27  Zergling x2  
  50  5:31  Roach  
Show
View Real Time Build Order
Export as new Build Order

MarioalMX Protoss 

Build Orders:  

Get SALT Encoding   

  12  0:08  Probe  
  13  0:20  Probe (Chrono Boost)  
  14  0:23  Pylon  
  14  0:32  Probe (Chrono Boost)  
  15  0:40  Probe (Chrono Boost)  
  16  0:43  Gateway  
  16  0:48  Probe  
  17  0:55  Assimilator  
  17  1:00  Assimilator  
  17  1:08  Pylon  
  17  1:12  Probe (Chrono Boost)  
  18  1:23  Probe (Chrono Boost)  
  19  1:27  Probe (Chrono Boost)  
  20  1:32  Cybernetics Core  
  20  1:38  Probe  
  21  1:45  Gateway  
  21  1:51  Probe  
  22  1:56  Pylon  
  22  2:03  Probe  
  22  2:07  Gateway  
  23  2:16  Gateway, Warp Gate (Chrono Boost)  
  23  2:48  Twilight Council  
  23  2:52  Stalker  
  23  2:54  Stalker  
  27  3:03  Stalker  
  29  3:28  Nexus  
  29  3:29  Probe  
  30  3:41  Probe  
  31  3:42  Stalker  
  33  3:49  Stalker  
  35  3:56  Pylon  
  35  4:12  Dark Shrine  
  35  4:13  Probe (Chrono Boost)  
  36  4:23  Probe (Chrono Boost)  
  37  4:27  Stalker  
  37  4:28  Stalker  
  41  4:49  Stalker x2  
  43  5:19  Stalker x4  
  51  5:39  Probe (Chrono Boost)  
  53  5:45  Probe (Chrono Boost)  
  53  5:49  Assimilator  
Show
View Real Time Build Order
Export as new Build Order

sacklord Terran 

Build Orders:  

Get SALT Encoding   

  12  0:01  SCV  
  13  0:13  SCV  
  14  0:25  SCV  
  15  0:32  Supply Depot  
  15  0:56  Barracks  
  15  0:58  Barracks  
  15  1:07  Barracks  
  15  1:11  SCV  
  16  1:20  Refinery  
  16  1:26  Refinery  
  16  1:28  SCV  
  17  1:40  SCV  
  18  2:04  Barracks Reactor  
  18  2:07  SCV  
  19  2:11  Barracks Reactor  
  19  2:20  SCV  
  19  2:21  Barracks Reactor  
  20  2:23  Supply Depot  
  20  2:32  SCV  
  21  2:42  Marine  
  21  2:43  Marine  
  23  2:44  SCV  
  23  2:46  Supply Depot  
  23  2:50  Marine  
  25  2:53  Marine  
  25  2:56  SCV  
  27  2:59  Marine  
  27  3:01  Marine  
  29  3:07  Marine  
  29  3:10  Marine  
  31  3:14  Marine  
  32  3:24  Marine x3  
  35  3:31  Marine  
  35  3:32  Marine  
  37  3:42  Marine  
  37  3:44  Marine  
  38  3:49  Supply Depot  
  38  4:03  Marine  
  38  4:04  Marine  
  34  4:11  Marine x4  
  37  4:21  Marine x2  
  34  4:30  Marine x4  
  33  4:39  Marine  
  33  4:40  Marine  
  32  4:48  Marine x2  
  32  4:52  Marine x2  
  27  5:13  Marine x3  
  27  5:14  Marine x2  
  29  5:23  Marine  
Show
View Real Time Build Order
Export as new Build Order

Buzzkill Protoss 

Build Orders:  

Get SALT Encoding   

  12  0:05  Probe (Chrono Boost)  
  13  0:15  Probe (Chrono Boost)  
  14  0:34  Probe  
  15  0:38  Pylon  
  15  0:56  Probe  
  16  0:58  Gateway  
  16  1:02  Gateway  
  16  1:15  Gateway  
  16  1:18  Pylon  
  16  1:20  Probe  
  17  1:42  Probe (Chrono Boost), Gateway  
  17  1:45  Assimilator  
  18  1:53  Cybernetics Core  
  18  1:54  Probe (Chrono Boost)  
  21  2:04  Zealot (Chrono Boost)  
  21  2:06  Zealot (Chrono Boost)  
  23  2:14  Probe  
  24  2:39  Stalker  
  24  2:40  Zealot  
  24  2:41  Zealot  
  30  2:47  Pylon  
  30  2:54  Assimilator  
  30  2:55  Probe  
  31  3:05  Zealot  
  33  3:18  Zealot x3  
  39  3:27  Twilight Council  
  39  3:33  Pylon  
  39  3:51  Probe, Stalker  
  42  4:17  Stalker x2  
  42  4:22  Pylon  
  46  4:26  Probe (Chrono Boost)  
  46  4:27  Stalker  
  31  5:04  Stalker  
  31  5:05  Stalker x3  
  37  5:17  Probe  
  37  5:19  Pylon  
  38  5:23  Assimilator  
Tags
 
Add a new tag
Caveats
  • Supply blocks, unpowered buildings, or Contaminate may cause inaccurate times.
  • Supply counts are checked every 10 seconds.